Cogmind - Beta 14 @@@ ROGUE MODE // 2024.12.20 @ 19:04:34 Player: opdo Result: Destroyed by S-43 Plague with Heavy Machine Gun Performance ------------- Evolutions (6) 3000 Regions Visited (27) 5400 Robots Destroyed (100) 500 Value Destroyed (3506) 3506 Prototype IDs (61) 1220 Alien Tech Used (3) 600 Bonus (2860) 2860 TOTAL SCORE: 17086 Bonus ------- Follower Combat Kills 794 Network Hubs Disabled 400 Aligned with FarCom 300 Met Data Miner 300 Met Imprinter 300 Met Zhirov 300 Built Enhanced Grunts 300 A7 Reached Mainframe 300 Friendly Fire -134 Cogmind --------- Core Integrity 0/1150 Matter 300/300 Energy 35/100 System Corruption 34% Temperature Cool (0) Movement Walking (120) Location -3/Proximity Caves Parts ------- > --- POWER (3) -------- (None) > --- PROPULSION (5) --- Advanced Myomer Leg Advanced Myomer Leg Advanced Myomer Leg > --- UTILITY (8) ------ Improved Signal Interpreter Advanced Terrain Scan Processor Advanced Melee Analysis Suite Advanced Melee Analysis Suite Improved Armor Integrity Analyzer > --- WEAPON (3) ------- (None) > --- INVENTORY (5) ---- Light Antimatter Reactor Flexi-carbon Leg Flexi-carbon Leg Biometal Leg Peak State ------------ > --- POWER ------------ Antimatter Reactor Antimatter Reactor Improved Quantum Reactor > --- PROPULSION ------- Heavy Treads Advanced Heavy Siege Treads Enhanced Flexi-carbon Leg > --- UTILITY ---------- Improved Cooling System Improved Signal Interpreter Advanced Terrain Scan Processor Improved Melee Analysis Suite Advanced Melee Analysis Suite Graphene Brace Experimental Thermal Shield Improved Hacking Suite > --- WEAPON ----------- Heavy Beamcaster Heavy Beamcaster Enhanced Quantum Rifle > --- INVENTORY -------- Light Angular Momentum Engine Centrium Leg Biomechanical Wings Improved Cooling System Lance [Rating: 126] Favorites ----------- Power Light Nuclear Core Engine Angular Momentum Engine Power Core Light Nuclear Core Reactor Antimatter Reactor Propulsion VTOL Module Treads Heavy Treads Leg Aluminum Leg Wheel Wheel Hover Unit Hover Unit Flight Unit VTOL Module Utility Advanced Terrain Scan Processor Device Graphene Brace Storage Small Storage Unit Processor Advanced Terrain Scan Processor Hackware System Shield Protection Improved Light Armor Plating Weapon Longsword +1 Energy Gun Heavy Beamcaster Ballistic Gun Assault Rifle Impact Weapon Thunder Hammer Slashing Weapon Longsword +1 Piercing Weapon Lance Special Melee Weapon Dirty Datajack Build | -11 -10 -10 -10 -9 -8 -7 -7 -7 -7 -6 -6 -6 -6 -6 -5 -5 -5 -5 -5 -5 -4 -4 -4 -4 -4 -4 -3 ------- Run | Yrd Mat Min Exi Min Mat Fac Low Low Dat Pro Fac Low Low Zio Pro Fac Ext Cet Arc Hub Fac Was Fac Upp Upp Zhi Pro Slots Evolved 12 | . . . . . 4 2 . . . . 2 . . . . 2 . . . . 2 . . . . . . Power 2 | . . . . . 1 . . . . . . . . . . . . . . . 1 . . . . . . Propulsion 3 | . . . . . 2 1 . . . . . . . . . . . . . . . . . . . . . Utility 6 | . . . . . 1 1 . . . . 2 . . . . 1 . . . . 1 . . . . . . Weapon 1 | . . . . . . . . . . . . . . . . 1 . . . . . . . . . . . Parts Attached 193 | 7 2 3 4 . 7 4 3 8 . 8 23 9 3 4 2 7 13 8 5 5 4 12 12 9 18 9 4 Power 31 | 1 . 1 . . . 1 1 2 . 1 2 2 1 1 . . 2 2 1 . 1 3 . 2 5 1 1 Engine 13 | 1 . . . . . . 1 1 . 1 1 1 . 1 . . 1 1 1 . 1 . . 1 1 . . Core 9 | . . 1 . . . 1 . 1 . . 1 1 1 . . . 1 . . . . . . . 2 . . Reactor 9 | . . . . . . . . . . . . . . . . . . 1 . . . 3 . 1 2 1 1 Propulsion 78 | 2 1 1 2 . 4 2 1 2 . 7 13 6 1 . 2 2 3 2 1 3 1 2 7 3 7 3 . Treads 11 | . . . . . . . . . . . 4 . . . . . . . . . . 2 1 1 3 . . Leg 22 | 2 1 1 . . . . 1 1 . 4 1 1 . . . . . . . 3 . . . . 4 3 . Wheel 7 | . . . . . . . . . . . 5 1 . . . . . . . . . . 1 . . . . Hover 1 | . . . . . . . . . . . . . . . . . . . . . 1 . . . . . . Flight 37 | . . . 2 . 4 2 . 1 . 3 3 4 1 . 2 2 3 2 1 . . . 5 2 . . . Utility 53 | 2 . 1 1 . 2 1 1 2 . . 7 1 1 3 . 2 5 2 3 2 1 3 1 3 3 5 1 Device 21 | 1 . 1 . . . . . 1 . . 1 . 1 2 . . . . 3 2 . 3 . 1 1 3 1 Storage 4 | 1 . . 1 . . . . . . . . . . . . . . . . . . . . . 1 1 . Processor 14 | . . . . . 1 1 . . . . 3 1 . . . 2 3 . . . . . 1 1 1 . . Hackware 8 | . . . . . 1 . . 1 . . 2 . . 1 . . 2 . . . 1 . . . . . . Protection 6 | . . . . . . . 1 . . . 1 . . . . . . 2 . . . . . 1 . 1 . Artifact . | . . . . . . . . . . . . . . . . . . . . . . . . . . . . Weapon 31 | 2 1 . 1 . 1 . . 2 . . 1 . . . . 3 3 2 . . 1 4 4 1 3 . 2 Energy Gun 5 | . . . . . . . . . . . . . . . . . . 1 . . . 4 . . . . . Energy Cannon . | . . . . . . . . . . . . . . . . . . . . . . . . . . . . Ballistic Gun 3 | 2 1 . . . . . . . . . . . . . . . . . . . . . . . . . . Ballistic Cannon . | . . . . . . . . . . . . . . . . . . . . . . . . . . . . Launcher . | . . . . . . . . . . . . . . . . . . . . . . . . . . . . Special Weapon . | . . . . . . . . . . . . . . . . . . . . . . . . . . . . Impact Weapon 4 | . . . . . 1 . . . . . . . . . . . . . . . . . 2 1 . . . Slashing Weapon 9 | . . . 1 . . . . 2 . . 1 . . . . 1 1 . . . . . . . 1 . 2 Piercing Weapon 8 | . . . . . . . . . . . . . . . . 2 2 1 . . 1 . 2 . . . . Special Melee Weapon 2 | . . . . . . . . . . . . . . . . . . . . . . . . . 2 . . Unidentified Prototypes 17 | . . . . . . . . . . . 1 . . 1 . . . 2 . 2 1 1 2 . . 6 1 Corrupted Parts 7 | . . . . . . . . . . . . . . . . . . 1 . 2 . . . . 4 . . System Corruption 45 | . . . . . . . . . . . . . . . . . . 8 . 6 . . . . 31 . . Parts Lost 79 | . . . . . 2 . 6 1 . 8 5 4 1 . 1 . 6 4 1 10 . . 5 10 3 . 12 Power 13 | . . . . . . . 1 . . . . 1 . . . . 2 2 . 1 . . . 3 . . 3 Propulsion 37 | . . . . . 2 . 3 1 . 7 4 2 1 . 1 . 1 1 1 3 . . 3 4 1 . 2 Utility 20 | . . . . . . . 2 . . 1 1 1 . . . . 2 1 . 3 . . 1 3 1 . 4 Weapon 9 | . . . . . . . . . . . . . . . . . 1 . . 3 . . 1 . 1 . 3 Highest Loss Streak 10 | . . . . . 2 . 5 1 . 7 3 4 1 . 1 . 3 4 1 10 . . 3 6 2 . 10 To Critical Strikes . | . . . . . . . . . . . . . . . . . . . . . . . . . . . . Average Slot Usage (%) 80 | . 100 100 78 85 65 89 63 70 84 79 85 94 91 100 98 92 92 87 82 70 51 87 70 52 71 100 92 Engine 2 | . 14 11 . . . . . . . . 5 7 . 1 6 5 5 4 5 3 5 2 . . . . . Core 4 | . . 2 14 14 9 13 7 7 7 7 6 2 7 11 6 5 4 . . . . . . . 4 3 . Reactor 2 | . . . . . . . . . . . . . . . . . . . . . . 12 7 1 2 11 14 Treads 1 | . . . . . . . . . . . 5 . . . . . . . . . . 4 3 2 5 3 . Leg 7 | . 28 28 6 . . . 6 7 15 13 3 . . . . . . . . . 10 8 . . 10 22 25 Wheel 1 | . . . . . . . . . . . 8 8 . . . . . . . . . . . 1 . . . Flight 11 | . . . 21 28 27 36 15 13 15 14 6 22 33 33 31 22 23 22 17 11 . . 10 2 . . . Device 7 | . 14 14 14 14 9 7 4 6 7 5 1 . 3 6 6 5 . . 3 4 5 13 14 10 7 10 7 Storage 2 | . 14 14 4 14 8 . . . . . . . . . . . . . . . . . . . 1 . . Processor 16 | . . . . . 1 14 15 15 15 15 20 20 20 18 13 16 17 23 23 23 21 21 21 26 27 29 26 Hackware 5 | . . . . . . 7 . 6 7 7 6 13 13 14 20 17 20 11 11 8 4 5 3 . . . . Protection 1 | . . . . . . . 4 . . . 4 4 . . . . . 4 . . . . . . . 1 2 Ballistic Gun 2 | . 28 28 6 . . . . . . . . . . . . . . . . . . . . . . . . Impact Weapon 1 | . . . . . . 1 . . . . . . . . . . . . . . . . . 4 5 5 4 Slashing Weapon 7 | . . . 10 14 9 7 7 11 15 15 13 13 13 13 13 7 4 5 5 3 . . . . 1 5 8 Piercing Weapon 1 | . . . . . . . . . . . . . . . . 8 11 10 11 10 4 1 . . . . . Peak Build Rating 126 | 7 7 14 17 17 28 38 35 43 42 46 62 63 65 69 68 88 90 91 89 75 52 126 115 75 107 125 123 Average Rating 56 | 5 7 8 15 17 19 34 28 35 42 39 49 60 60 65 67 83 85 87 76 62 50 106 90 62 76 112 114 On Entrance 52 | . 7 7 14 17 17 28 35 28 42 42 31 62 57 65 68 67 85 90 89 75 38 52 115 62 58 107 122 Naked Turns . | . . . . . . . . . . . . . . . . . . . . . . . . . . . . Heaviest Build 71 | 15 15 17 17 15 15 21 27 17 11 11 28 31 17 17 16 19 28 28 22 16 14 71 55 30 52 59 68 Greatest Support 150 | 20 20 22 22 8 16 20 10 12 12 43 40 26 26 26 26 30 33 33 26 43 43 150 150 70 90 140 140 Greatest Overweight (x) 18 | 2 . . 1 1 1 1 2 2 . . 7 2 . . . . . . . 1 . 2 18 5 2 . . Average Overweight (x) . | . . . . 1 . . 1 . . . 1 . . . . . . . . . . . . . . . . Largest Inventory Capacity 8 | 8 8 8 8 5 5 5 5 5 5 5 5 5 5 5 5 5 5 5 5 5 5 5 5 5 5 5 5 Average Capacity 5 | 7 8 8 5 5 5 5 5 5 5 5 5 5 5 5 5 5 5 5 5 5 5 5 5 5 5 5 5 Most Carried 8 | 2 8 8 8 5 5 5 5 5 5 5 5 5 5 5 5 5 5 5 5 5 4 5 5 5 5 5 5 Average Carried 4 | 1 4 7 5 4 3 4 4 4 5 3 4 4 5 5 4 4 4 3 4 5 1 3 4 1 3 4 4 Final Capacity 8 | 8 8 8 5 5 5 5 5 5 5 5 5 5 5 5 5 5 5 5 5 5 5 5 5 5 5 5 5 Final Carried 8 | 2 8 8 5 5 5 5 5 5 5 3 5 5 5 5 5 5 5 4 5 5 1 5 5 5 5 5 4 Class Distribution -------------------- 33% | Mutant 16% | Gladiator 8% | Hacker-Sprinter 8% | Derelict-Gladiator 5% | Scavenger-Tank 4% | Scavenger-Mutant 4% | Commander-Sprinter 4% | Assassin 3% | Hacker-Gladiator Dominant Class ---------------- Mutant | -10/Materials Mutant | -10/Mines Mutant | -10/Exiles Assassin | -9/Mines Assassin | -8/Materials Scavenger-Scout | -7/Factory Mutant | -7/Lower Caves Gladiator | -7/Lower Caves Gladiator | -7/Data Miner Gladiator | -6/Proximity Caves Gladiator | -6/Factory Hacker-Gladiator | -6/Lower Caves Hacker-Sprinter | -6/Lower Caves Hacker-Sprinter | -6/Zion Hacker-Sprinter | -5/Proximity Caves Hacker-Scout | -5/Factory Hacker-Sprinter | -5/Extension Commander-Gladiator | -5/Cetus Commander-Sprinter | -5/Archives Commander-Scout | -5/Hub_04(d) Scavenger-Mutant | -4/Factory Scavenger-Tank | -4/Waste Scavenger-Tank | -4/Factory Mutant | -4/Upper Caves Scavenger-Mutant | -4/Upper Caves Derelict-Gladiator | -4/Zhirov Derelict-Gladiator | -3/Proximity Caves Resources | -11 -10 -10 -10 -9 -8 -7 -7 -7 -7 -6 -6 -6 -6 -6 -5 -5 -5 -5 -5 -5 -4 -4 -4 -4 -4 -4 -3 ----------- Run | Yrd Mat Min Exi Min Mat Fac Low Low Dat Pro Fac Low Low Zio Pro Fac Ext Cet Arc Hub Fac Was Fac Upp Upp Zhi Pro Matter Collected 2334 | 286 50 . 234 . 90 23 25 60 . 60 215 99 30 30 20 20 175 58 94 36 19 151 24 156 201 . 178 Remotely 19 | . . . . . . . . . . . . . . . . . . . . . . . . . . . 19 Salvage Created 4705 | 146 151 . . . 143 23 354 155 . 124 395 196 93 . 158 33 1210 79 356 231 19 . . 323 331 . 185 Parts 210 | 7 18 . . . 11 4 12 6 . 6 26 11 8 . 10 4 44 3 19 8 1 . . 6 5 . 1 Haulers Intercepted 5 | . . . . . 1 . . . . . 1 . . . . . 2 . . 1 . . . . . . . Recyclers Shooed . | . . . . . . . . . . . . . . . . . . . . . . . . . . . . Parts Field Recycled . | . . . . . . . . . . . . . . . . . . . . . . . . . . . . Retrieved Matter . | . . . . . . . . . . . . . . . . . . . . . . . . . . . . Parts Self-Destructed 46 | . . . . . . . 8 5 . 4 . 7 5 . 9 . . . . . . . . 2 5 . 1 Prevented 16 | . . . . . . . . 2 . . . . . . . . . . . . . . . 1 7 . 6 Kills | -11 -10 -10 -10 -9 -8 -7 -7 -7 -7 -6 -6 -6 -6 -6 -5 -5 -5 -5 -5 -5 -4 -4 -4 -4 -4 -4 -3 ------- Run | Yrd Mat Min Exi Min Mat Fac Low Low Dat Pro Fac Low Low Zio Pro Fac Ext Cet Arc Hub Fac Was Fac Upp Upp Zhi Pro Combat Hostiles Destroyed 72 | . 9 . . . 4 1 5 2 . 4 4 5 4 . 4 . 12 1 1 1 . . . 8 4 . 3 Melee 55 | . . . . . 4 1 5 2 . 4 4 5 4 . 4 . 12 1 1 1 . . . 6 1 . . Guns 9 | . 9 . . . . . . . . . . . . . . . . . . . . . . . . . . Classes Destroyed 17 | 2 2 . . . 2 . 3 2 . . 2 . . . . 1 2 . . . . . . 1 . . . Worker 3 | . . . . . . . . . . . 2 . . . . . . . . 1 . . . . . . . Builder 1 | . . . . . . . . . . . 1 . . . . . . . . . . . . . . . . Tunneler 4 | 4 . . . . . . . . . . . . . . . . . . . . . . . . . . . Hauler 5 | . . . . . 1 . . . . . 1 . . . . . 2 . . 1 . . . . . . . Recycler 2 | 1 . . . . . . . . . . . . . . . . 1 . . . . . . . . . . Minesweeper 1 | . . . . . . . . . . . . . . . . . . . . . . . . 1 . . . Operator 10 | . . . . . . . . . . . . . . . . . 1 . 8 . 1 . . . . . . Watcher 2 | . . . . . . . . . . . . . . . . 1 . . . 1 . . . . . . . Swarmer 37 | . 8 . . . 3 1 2 . . 4 . 3 4 . 3 . . . . . . . . 6 3 . . Grunt 11 | . 1 . . . . . 2 . . . . 1 . . . . 3 . . 1 . . . . . . 3 Brawler 1 | . . . . . . . . . . . . . . . . . 1 . . . . . . . . . . Duelist 2 | . . . . . . . 1 . . . . 1 . . . . . . . . . . . . . . . Sentry 14 | . . . . . 1 . . . . . 3 . . . . . 7 . 1 . . . . 1 1 . . Hunter 3 | . . . . . . . . 1 . . . . . . 1 . 1 . . . . . . . . . . Programmer 2 | . . . . . . . . . . . 1 . . . . . . . . . . . . 1 . . . Cetus Guard 1 | . . . . . . . . . . . . . . . . . . 1 . . . . . . . . . Decomposer 4 | . . . . . . . 3 . . . . . . . . . . . . . . . . 1 . . . Packrat 2 | . . . . . . . . . . . . . . . . . . . . . . . . . 2 . . Samaritan 4 | . . . . . . . 2 1 . . . . . . . . . . . . . . . . 1 . . Mutant 1 | . . . . . . . . 1 . . . . . . . . . . . . . . . . . . . Best Kill Streak 6 | 4 4 . . . 4 1 3 1 . 2 3 2 4 . 3 1 3 1 6 2 1 . . 5 2 . 3 Combat Bots Only 5 | . 4 . . . 3 1 3 1 . 2 2 2 4 . 3 . 3 1 1 1 . . . 5 2 . 3 Max Kills in Single Turn 1 | 1 1 . . . 1 1 1 1 . 1 1 1 1 . 1 1 1 1 1 1 1 . . 1 1 . 1 Gunslinging . | . . . . . . . . . . . . . . . . . . . . . . . . . . . . Exploded . | . . . . . . . . . . . . . . . . . . . . . . . . . . . . Melee 1 | . . . . . 1 1 1 1 . 1 1 1 1 . 1 . 1 1 1 1 . . . 1 1 . . Uniques/NPCs Destroyed . | . . . . . . . . . . . . . . . . . . . . . . . . . . . . Combat | -11 -10 -10 -10 -9 -8 -7 -7 -7 -7 -6 -6 -6 -6 -6 -5 -5 -5 -5 -5 -5 -4 -4 -4 -4 -4 -4 -3 -------- Run | Yrd Mat Min Exi Min Mat Fac Low Low Dat Pro Fac Low Low Zio Pro Fac Ext Cet Arc Hub Fac Was Fac Upp Upp Zhi Pro Hostile Shots Fired 771 | . 36 . . . 3 . 37 13 . 57 96 59 10 . 20 . 61 17 5 22 . 1 69 78 36 . 151 Missed 301 | . 12 . . . 1 . 10 8 . 22 33 25 4 . 11 . 32 9 3 3 . . 37 18 15 . 58 Damage Taken 8721 | . 188 . . . 69 . 526 78 . 396 623 665 88 . 155 . 698 208 59 751 . 39 657 1058 410 . 2053 Core 2732 | . 41 . . . 32 . 129 36 . 95 196 261 45 . 57 . 266 47 . 387 . . 247 319 108 . 466 Absorbed by Shields 148 | . . . . . . . . . . . . . . . . . 103 45 . . . . . . . . . Redirected to Shielding 157 | . . . . . . . . . . . . . . . . . . . . . . . . . . . 157 Ignored by Resistances 129 | . . . . . . . . . . . . . . . . . . . . 30 . . 92 7 . . . Regen/Repaired (Parts) 536 | . . . . . . . . . . . . . . . . 14 . . . . . . 522 . . . . Core Remaining (%) 67 | 100 . . . 83 94 . . . . 62 . . . . 34 . . . . 30 . . . . . . . Volleys Fired 37 | 14 20 . . . . . . . . . . . . . . . . 3 . . . . . . . . . Largest 2 | 2 2 . . . . . . . . . . . . . . . . 1 . . . . . . . . . Hottest 240 | 40 40 . . . . . . . . . . . . . . . . 240 . . . . . . . . . Shots Fired 71 | 28 40 . . . . . . . . . . . . . . . . 3 . . . . . . . . . Gun 71 | 28 40 . . . . . . . . . . . . . . . . 3 . . . . . . . . . Cannon . | . . . . . . . . . . . . . . . . . . . . . . . . . . . . Launcher . | . . . . . . . . . . . . . . . . . . . . . . . . . . . . Special . | . . . . . . . . . . . . . . . . . . . . . . . . . . . . Kinetic 68 | 28 40 . . . . . . . . . . . . . . . . . . . . . . . . . . Thermal 3 | . . . . . . . . . . . . . . . . . . 3 . . . . . . . . . Explosive . | . . . . . . . . . . . . . . . . . . . . . . . . . . . . Electromagnetic . | . . . . . . . . . . . . . . . . . . . . . . . . . . . . Robot Hit Streak 7 | 7 5 . . . . . . . . . . . . . . . . . . . . . . . . . . Robot Miss Streak 8 | 4 8 . . . . . . . . . . . . . . . . . . . . . . . . . . Penetration Max . | . . . . . . . . . . . . . . . . . . . . . . . . . . . . Secondary Targets . | . . . . . . . . . . . . . . . . . . . . . . . . . . . . Shots Hit Robots 228 | 15 15 . . . 6 1 19 7 . 6 16 12 5 . 7 2 41 8 19 7 1 . 3 20 12 . 6 Core Hits 97 | 6 10 . . . 3 1 7 2 . 5 7 5 3 . 3 . 19 3 10 4 1 . 1 4 3 . . Critical Kills 3 | . . . . . . . . . . . . . . . . . . . . . . . . 3 . . . Critical Parts Destroyed 6 | . . . . . . . . . . . . . . . . . . . . . . . . 3 1 . 2 Critical Strikes 24 | . . . . . . . 1 . . . 3 1 1 . 1 . 2 1 3 . . . 1 7 1 . 2 Smash 10 | . . . . . . . . . . . . . . . . . . . . . . . . 7 1 . 2 Sever 8 | . . . . . . . 1 . . . 3 1 1 . 1 . . 1 . . . . . . . . . Impale 6 | . . . . . . . . . . . . . . . . . 2 . 3 . . . 1 . . . . Melee Attacks 283 | . . . . . 10 1 21 7 . 14 23 17 6 1 7 6 47 22 29 9 1 . 11 25 14 . 12 Impact 42 | . . . . . . . . . . . . . . . . . . . . . . . 2 25 8 . 7 Slashing 154 | . . . . . 10 1 21 7 . 14 23 17 6 1 7 1 15 10 9 3 . . . . 4 . 5 Piercing 87 | . . . . . . . . . . . . . . . . 5 32 12 20 6 1 . 9 . 2 . . Sneak Attacks 44 | . . . . . 1 1 7 2 . . 5 1 . . . . 8 . 8 3 . . . 2 6 . . Combat Hostiles 7 | . . . . . . 1 1 . . . . . . . . . 3 . . . . . . . 2 . . Follow-up Attacks 27 | . . . . . . . . 1 . 2 2 2 1 . 1 1 10 2 2 1 . . . . . . 2 Damage Inflicted 11728 | 194 193 13 . . 345 86 1163 422 . 281 953 573 262 . 358 88 2136 349 1390 411 42 . 118 1296 779 . 276 Guns 380 | 194 186 . . . . . . . . . . . . . . . . . . . . . . . . . . Cannons . | . . . . . . . . . . . . . . . . . . . . . . . . . . . . Explosions . | . . . . . . . . . . . . . . . . . . . . . . . . . . . . Melee 11313 | . . . . . 331 86 1163 422 . 281 953 573 262 . 358 88 2136 349 1390 410 42 . 118 1296 779 . 276 Ramming 35 | . 7 13 . . 14 . . . . . . . . . . . . . . 1 . . . . . . . Kinetic 380 | 194 186 . . . . . . . . . . . . . . . . . . . . . . . . . . Thermal . | . . . . . . . . . . . . . . . . . . . . . . . . . . . . Explosive . | . . . . . . . . . . . . . . . . . . . . . . . . . . . . Electromagnetic . | . . . . . . . . . . . . . . . . . . . . . . . . . . . . Impact 1934 | . . . . . . . . . . . . . . . . . . . . . . . . 1296 447 . 191 Slashing 7055 | . . . . . 331 86 1163 422 . 281 953 573 262 . 358 45 960 282 799 129 . . . . 326 . 85 Piercing 2324 | . . . . . . . . . . . . . . . . 43 1176 67 591 281 42 . 118 . 6 . . Highest Corruption 34 | . 2 2 2 2 5 . . . . . 2 2 2 2 . . 6 14 14 9 . . 3 3 34 34 34 Average Corruption 9 | . 2 2 2 2 5 . . . . . 1 2 2 2 . . 5 10 8 7 . . 2 3 20 34 34 Corruption Purged 14 | . . . . . . . . . . . . . . . . . . . 14 . . . . . . . . Corruption Blocked . | . . . . . . . . . . . . . . . . . . . . . . . . . . . . Effects 151 | . 2 4 10 5 3 . . . . . 6 4 . . . . 13 7 10 . . . 3 16 20 14 34 Message Errors 38 | . . . 6 . . . . . . . . 1 . . . . 3 2 3 . . . . 3 7 5 8 Matter Fused 34 | . 1 1 . 2 1 . . . . . 1 2 . . . . 1 3 2 . . . 2 3 5 3 7 Heat Flow Errors 18 | . . . 1 1 . . . . . . 1 . . . . . . . 1 . . . . 2 2 2 8 Energy Discharges 21 | . . . 2 1 . . . . . . 3 . . . . . 3 . . . . . 1 4 2 . 5 Parts Rejected 3 | . . . . . . . . . . . . . . . . . 1 . . . . . . . 1 . 1 Parts Fused 1 | . . . . . . . . . . . . . . . . . . . . . . . . . . 1 . Data Loss (minor) 19 | . 1 1 1 1 1 . . . . . 1 1 . . . . 1 2 2 . . . . 4 1 2 . Data Loss (major) 8 | . . 2 . . . . . . . . . . . . . . 3 . 1 . . . . . . 1 1 Alerts 3 | . . . . . 1 . . . . . . . . . . . 1 . . . . . . . 1 . . Misdirections 6 | . . . . . . . . . . . . . . . . . . . 1 . . . . . 1 . 4 Overload Shots 1 | . . . . . . . . . . . . . . . . . . 1 . . . . . . . . . Effects 1 | . . . . . . . . . . . . . . . . . . 1 . . . . . . . . . Short Circuit 1 | . . . . . . . . . . . . . . . . . . 1 . . . . . . . . . Overflow Damage 2245 | . . . . . 38 . 265 55 . 25 60 96 17 . 46 31 215 . 297 31 . . . 513 408 . 148 Projectiles . | . . . . . . . . . . . . . . . . . . . . . . . . . . . . Explosions . | . . . . . . . . . . . . . . . . . . . . . . . . . . . . Melee 2245 | . . . . . 38 . 265 55 . 25 60 96 17 . 46 31 215 . 297 31 . . . 513 408 . 148 Knockbacks 7 | . . 2 . . . . . . . . . . . . . . . . . . . . . 3 1 . 1 Impact 7 | . . 2 . . . . . . . . . . . . . . . . . . . . . 3 1 . 1 Kinetic . | . . . . . . . . . . . . . . . . . . . . . . . . . . . . Secondary . | . . . . . . . . . . . . . . . . . . . . . . . . . . . . Self-Inflicted Damage 7 | . . . . . 7 . . . . . . . . . . . . . . . . . . . . . . Shots . | . . . . . . . . . . . . . . . . . . . . . . . . . . . . Rammed 2 | . . . . . 2 . . . . . . . . . . . . . . . . . . . . . . Targets Rammed 10 | . 2 2 . . 2 . . . . . . . . . . . . . . 2 . . . . . . 2 Kicked 8 | . 2 2 . . . . . . . . . . . . . . . . . 2 . . . . . . 2 Crushed . | . . . . . . . . . . . . . . . . . . . . . . . . . . . . Highest Temperature 251 | . . . 184 246 . 120 . . . . 202 . . . 1 . 1 232 198 . . . 5 228 251 138 244 Average Temperature 94 | . . . 97 125 . 59 . . . . 105 . . . 1 . 1 99 105 . . . 5 111 103 66 102 Received Heat Transfer 982 | . 6 . . . . . 45 9 . 24 144 129 . . . . 89 35 9 54 . . 111 66 66 . 195 Effects 3 | . . . . . . . . . . . . . . . . . . . . . . . . . 3 . . Interference 3 | . . . . . . . . . . . . . . . . . . . . . . . . . 3 . . Siege Activations . | . . . . . . . . . . . . . . . . . . . . . . . . . . . . Robots Corrupted 9 | . . . . . . . . . . . . . . . . . . . . . . . . 3 3 . 3 Combat Hostiles 8 | . . . . . . . . . . . . . . . . . . . . . . . . 2 3 . 3 Parts Fried 13 | . . . . . . . . . . . . . . . . . 2 . . . . . . 4 3 . 4 Impact Corruptions 29 | . . . . . . . . . . . . . . . . . . . . . . . . 19 5 . 5 Robots Melted . | . . . . . . . . . . . . . . . . . . . . . . . . . . . . Combat Hostiles . | . . . . . . . . . . . . . . . . . . . . . . . . . . . . Parts Melted . | . . . . . . . . . . . . . . . . . . . . . . . . . . . . Heat Transferred . | . . . . . . . . . . . . . . . . . . . . . . . . . . . . Parts Sabotaged . | . . . . . . . . . . . . . . . . . . . . . . . . . . . . Parts Stolen . | . . . . . . . . . . . . . . . . . . . . . . . . . . . . Parts Stripped . | . . . . . . . . . . . . . . . . . . . . . . . . . . . . Power Chain Reactions . | . . . . . . . . . . . . . . . . . . . . . . . . . . . . Alert | -11 -10 -10 -10 -9 -8 -7 -7 -7 -7 -6 -6 -6 -6 -6 -5 -5 -5 -5 -5 -5 -4 -4 -4 -4 -4 -4 -3 ------- Run | Yrd Mat Min Exi Min Mat Fac Low Low Dat Pro Fac Low Low Zio Pro Fac Ext Cet Arc Hub Fac Was Fac Upp Upp Zhi Pro Peak Influence 432 | 25 192 105 . . 221 134 . . . . 109 . . . . 128 333 390 432 262 68 23 154 . . . . Initial 186 | . 16 70 . . . 100 . . . . . . . . . 65 62 186 156 151 63 23 . . . . . Average 108 | 9 88 72 . . 135 125 . . . . 50 . . . . 96 194 331 403 192 64 16 44 . . . . Maximum Alert Level 2 | . . . . . 1 . . . . . . . . . . . 1 1 2 1 . . . . . . . Low Security (%) 82 | 100 100 100 . 100 76 100 . . . . 100 . . . . 100 56 10 1 51 100 100 100 . . . . Level 1 12 | . . . . . 23 . . . . . . . . . . . 43 89 25 48 . . . . . . . Level 2 4 | . . . . . . . . . . . . . . . . . . . 72 . . . . . . . . Level 3 . | . . . . . . . . . . . . . . . . . . . . . . . . . . . . Level 4 . | . . . . . . . . . . . . . . . . . . . . . . . . . . . . Level 5 . | . . . . . . . . . . . . . . . . . . . . . . . . . . . . High Security . | . . . . . . . . . . . . . . . . . . . . . . . . . . . . Max Security . | . . . . . . . . . . . . . . . . . . . . . . . . . . . . Squads Dispatched 12 | . 2 1 . . 1 . . . . . 1 . . . . . 1 1 . 1 1 . 3 . . . . Investigation 5 | . 1 1 . . . . . . . . . . . . . . . 1 . . . . 2 . . . . Extermination 1 | . . . . . . . . . . . 1 . . . . . . . . . . . . . . . . Reinforcement 6 | . 1 . . . 1 . . . . . . . . . . . 1 . . 1 1 . 1 . . . . Assault . | . . . . . . . . . . . . . . . . . . . . . . . . . . . . Garrison . | . . . . . . . . . . . . . . . . . . . . . . . . . . . . Intercept . | . . . . . . . . . . . . . . . . . . . . . . . . . . . . Searches Triggered . | . . . . . . . . . . . . . . . . . . . . . . . . . . . . Construction Impeded . | . . . . . . . . . . . . . . . . . . . . . . . . . . . . Haulers Reinforced . | . . . . . . . . . . . . . . . . . . . . . . . . . . . . Active Scanning Responses . | . . . . . . . . . . . . . . . . . . . . . . . . . . . . Cargo Convoy Interrupts . | . . . . . . . . . . . . . . . . . . . . . . . . . . . . Stealth | -11 -10 -10 -10 -9 -8 -7 -7 -7 -7 -6 -6 -6 -6 -6 -5 -5 -5 -5 -5 -5 -4 -4 -4 -4 -4 -4 -3 --------- Run | Yrd Mat Min Exi Min Mat Fac Low Low Dat Pro Fac Low Low Zio Pro Fac Ext Cet Arc Hub Fac Was Fac Upp Upp Zhi Pro Distress Signals 6 | . 1 . . . 1 . . . . . . . . . . . 2 1 . . . . . . . . 1 Communications Jammed . | . . . . . . . . . . . . . . . . . . . . . . . . . . . . Distress Signals . | . . . . . . . . . . . . . . . . . . . . . . . . . . . . Times Spotted 223 | . 16 1 . . 7 2 7 12 . 16 6 8 4 . 7 2 24 6 13 9 1 1 25 9 11 . 36 Peak Tracking Total 15 | . 6 1 . . 5 2 3 8 . 7 3 5 4 . 6 1 9 5 3 10 1 1 15 3 3 . 13 Tactical Retreats 34 | . 3 . . . 2 . 4 3 . 4 . 1 . . 1 . 3 . . . . . 6 1 3 . 3 Traps | -11 -10 -10 -10 -9 -8 -7 -7 -7 -7 -6 -6 -6 -6 -6 -5 -5 -5 -5 -5 -5 -4 -4 -4 -4 -4 -4 -3 ------- Run | Yrd Mat Min Exi Min Mat Fac Low Low Dat Pro Fac Low Low Zio Pro Fac Ext Cet Arc Hub Fac Was Fac Upp Upp Zhi Pro Traps Triggered 7 | . 2 . . . 1 . . . . . . . . . . . 3 . . . 1 . . . . . . Indirectly . | . . . . . . . . . . . . . . . . . . . . . . . . . . . . Trap Hack Attempts . | . . . . . . . . . . . . . . . . . . . . . . . . . . . . Triggered . | . . . . . . . . . . . . . . . . . . . . . . . . . . . . Disarmed . | . . . . . . . . . . . . . . . . . . . . . . . . . . . . Reprogrammed 1 | . . . . . . . . . . . . . . . . . . . . . . . 1 . . . . Reused 3 | . . . . . . . . . . . . . . . . . . . . . . . . . 2 . 1 Traps Extracted . | . . . . . . . . . . . . . . . . . . . . . . . . . . . . Installed 8 | . . . . . . . . . . 4 . . . . . . . . . . . . . . 3 . 1 Triggered 5 | . . . . . . . . . . . . 1 . . . . . . . . . . . . 3 . 1 Most Traps Carried 5 | . . . . . . . . . . 2 . . . . . . . . . . . . . 5 5 1 1 Machines | -11 -10 -10 -10 -9 -8 -7 -7 -7 -7 -6 -6 -6 -6 -6 -5 -5 -5 -5 -5 -5 -4 -4 -4 -4 -4 -4 -3 ---------- Run | Yrd Mat Min Exi Min Mat Fac Low Low Dat Pro Fac Low Low Zio Pro Fac Ext Cet Arc Hub Fac Was Fac Upp Upp Zhi Pro Machines Disabled 9 | . 1 . . . . . . . . 1 . . . . . . . 3 3 . . . . 1 . . . Max in Single Turn 1 | . 1 . . . . . . . . 1 . . . . . . . 1 . . . . . 1 . . . Garrison Access 1 | . . . . . . . . . . . . . . . . . . . . 1 . . . . . . . Network Hub 2 | . . . . . . . . . . . . . . . . . . . . 2 . . . . . . . Machines Repaired . | . . . . . . . . . . . . . . . . . . . . . . . . . . . . Machines Dismantled . | . . . . . . . . . . . . . . . . . . . . . . . . . . . . Machines Sabotaged 1 | . . . . . . . . . . . . . . . . . . . . . . . 1 . . . . Overloaded Fab Kills . | . . . . . . . . . . . . . . . . . . . . . . . . . . . . Hacking | -11 -10 -10 -10 -9 -8 -7 -7 -7 -7 -6 -6 -6 -6 -6 -5 -5 -5 -5 -5 -5 -4 -4 -4 -4 -4 -4 -3 --------- Run | Yrd Mat Min Exi Min Mat Fac Low Low Dat Pro Fac Low Low Zio Pro Fac Ext Cet Arc Hub Fac Was Fac Upp Upp Zhi Pro Machines Accessed 60 | . 2 1 3 . 3 2 . 2 4 1 3 . . . . 6 6 4 1 4 . . 7 . 2 9 . Terminals 30 | . 2 . . . 3 2 . . . . 1 . . . . 4 5 4 . 3 . . 5 . 1 . . Fabricators 1 | . . . . . . . . . . . 1 . . . . . . . . . . . . . . . . Repair Stations 2 | . . . . . . . . . . . . . . . . 1 . . . . . . 1 . . . . Recycling Units 4 | . . . . . . . . . . . 1 . . . . 1 1 . . . . . 1 . . . . Scanalyzers . | . . . . . . . . . . . . . . . . . . . . . . . . . . . . Garrison Access 1 | . . . . . . . . . . . . . . . . . . . . 1 . . . . . . . Total Hacks 235 | . 7 1 7 . 7 5 . 2 26 1 9 . . . . 19 22 13 25 10 . . 31 . 2 48 . Successful 179 | . 1 1 7 . 3 2 . 2 26 1 4 . . . . 15 13 3 25 6 . . 20 . 2 48 . Failed 55 | . 6 . . . 4 3 . . . . 5 . . . . 3 9 10 . 4 . . 11 . . . . Catastrophic 9 | . . . . . . . . . . . . . . . . 1 1 5 . 1 . . 1 . . . . Database Lockouts 1 | . . . . . . . . . . . . . . . . 1 . . . . . . . . . . . Manual 62 | . 5 . 1 . 5 5 . . . . 2 . . . . 10 13 2 . 5 . . 14 . . . . Terminals 103 | . 7 . . . 7 5 . . . . 2 . . . . 16 18 13 . 9 . . 25 . 1 . . Fabricators 2 | . . . . . . . . . . . 2 . . . . . . . . . . . . . . . . Repair Stations 6 | . . . . . . . . . . . . . . . . 2 . . . . . . 4 . . . . Recycling Units 12 | . . . . . . . . . . . 5 . . . . 1 4 . . . . . 2 . . . . Scanalyzers . | . . . . . . . . . . . . . . . . . . . . . . . . . . . . Garrison Access 1 | . . . . . . . . . . . . . . . . . . . . 1 . . . . . . . Terminal Hacks 146 | . . 1 7 . 1 . . 2 26 1 . . . . . 10 6 3 25 3 . . 11 . 2 48 . Record 88 | . . . 6 . . . . . 11 1 . . . . . 2 . 3 25 2 . . 1 . 1 36 . Part Schematic 13 | . . . . . . . . . 8 . . . . . . . 1 . . . . . . . . 4 . Robot Schematic 4 | . . . . . . . . . 4 . . . . . . . . . . . . . . . . . . Robot Analysis 10 | . . . . . . . . . . . . . . . . 3 3 . . . . . . . . 4 . Prototype ID Bank 9 | . . . . . . . . . 3 . . . . . . . 1 . . . . . 1 . . 4 . Open Door 6 | . . 1 . . . . . 2 . . . . . . . 1 1 . . . . . . . 1 . . Open DSF 1 | . . . . . . . . . . . . . . . . . . . . . . . 1 . . . . Branch Access Points 1 | . . . . . . . . . . . . . . . . 1 . . . . . . . . . . . Emergency Access Points 1 | . . . . . . . . . . . . . . . . . . . . . . . 1 . . . . Terminal Index 3 | . . . . . 1 . . . . . . . . . . 1 . . . . . . 1 . . . . Repair Station Index 1 | . . . . . . . . . . . . . . . . . . . . 1 . . . . . . . Alert Level 3 | . . . . . . . . . . . . . . . . 1 . . . . . . 2 . . . . Locate Traps 1 | . . . . . . . . . . . . . . . . . . . . . . . 1 . . . . Reprogram Traps 1 | . . . . . . . . . . . . . . . . . . . . . . . 1 . . . . Patrol Status 1 | . . . . . . . . . . . . . . . . 1 . . . . . . . . . . . Hauler Manifests 1 | . . . . . . . . . . . . . . . . . . . . . . . 1 . . . . Zone Layout 1 | . . . . . . . . . . . . . . . . . . . . . . . 1 . . . . Derelict Proto ID Bank 1 | . . . 1 . . . . . . . . . . . . . . . . . . . . . . . . Fabricator Hacks 2 | . . . . . . . . . . . 2 . . . . . . . . . . . . . . . . Load Schematic 1 | . . . . . . . . . . . 1 . . . . . . . . . . . . . . . . Build 1 | . . . . . . . . . . . 1 . . . . . . . . . . . . . . . . Repair Station Hacks 6 | . . . . . . . . . . . . . . . . 2 . . . . . . 4 . . . . Scan Component 3 | . . . . . . . . . . . . . . . . 1 . . . . . . 2 . . . . Repair 3 | . . . . . . . . . . . . . . . . 1 . . . . . . 2 . . . . Recycling Unit Hacks 7 | . . . . . . . . . . . 2 . . . . 1 2 . . . . . 2 . . . . Report Inventory 3 | . . . . . . . . . . . . . . . . 1 1 . . . . . 1 . . . . Retrieve Matter 1 | . . . . . . . . . . . 1 . . . . . . . . . . . . . . . . Retrieve Components 3 | . . . . . . . . . . . 1 . . . . . 1 . . . . . 1 . . . . Scanalyzer . | . . . . . . . . . . . . . . . . . . . . . . . . . . . . Garrison Access Hacks 1 | . . . . . . . . . . . . . . . . . . . . 1 . . . . . . . Seal Access 1 | . . . . . . . . . . . . . . . . . . . . 1 . . . . . . . Unauthorized Hacks 17 | . 1 . . . 2 2 . . . . . . . . . 2 5 . . 2 . . 3 . . . . Terminals 17 | . 1 . . . 2 2 . . . . . . . . . 2 5 . . 2 . . 3 . . . . Assimilate 2 | . . . . . . . . . . . . . . . . . 2 . . . . . . . . . . Botnet 13 | . 1 . . . 2 2 . . . . . . . . . 2 2 . . 2 . . 2 . . . . Operators 1 | . . . . . . . . . . . . . . . . . 1 . . . . . . . . . . Sabotage 1 | . . . . . . . . . . . . . . . . . . . . . . . 1 . . . . Fabricators . | . . . . . . . . . . . . . . . . . . . . . . . . . . . . Repair Stations . | . . . . . . . . . . . . . . . . . . . . . . . . . . . . Recycling Units . | . . . . . . . . . . . . . . . . . . . . . . . . . . . . Scanalyzers . | . . . . . . . . . . . . . . . . . . . . . . . . . . . . Garrison Access . | . . . . . . . . . . . . . . . . . . . . . . . . . . . . Data Cores Recovered 1 | . . . . . . . . . . . . . . . . . 1 . . . . . . . . . . Used 1 | . . . . . . . . . . . . . . . . . 1 . . . . . . . . . . Hacking Detections 25 | . 2 . . . 3 2 . . . . 1 . . . . 4 5 2 . 3 . . 3 . . . . Full Trace Events 2 | . . . . . . . . . . . . . . . . . . 1 . . . . 1 . . . . Feedback Events . | . . . . . . . . . . . . . . . . . . . . . . . . . . . . Feedback Blocked . | . . . . . . . . . . . . . . . . . . . . . . . . . . . . Robot Schematics Acquired 6 | . . . . . . . . . 4 . . . . 2 . . . . . . . . . . . . . Robots Built . | . . . . . . . . . . . . . . . . . . . . . . . . . . . . Authchips . | . . . . . . . . . . . . . . . . . . . . . . . . . . . . Time . | . . . . . . . . . . . . . . . . . . . . . . . . . . . . Total Robot Build Rating . | . . . . . . . . . . . . . . . . . . . . . . . . . . . . Part Schematics Acquired 27 | . . . . . . . . . 8 . . . . 14 . . 1 . . . . . . . . 4 . Parts Built 1 | . . . . . . . . . . . 1 . . . . . . . . . . . . . . . . Authchips 1 | . . . . . . . . . . . 1 . . . . . . . . . . . . . . . . Time 152 | . . . . . . . . . . . 152 . . . . . . . . . . . . . . . . Total Part Build Rating 5 | . . . . . . . . . . . 5 . . . . . . . . . . . . . . . . Parts Repaired 3 | . . . . . . . . . . . . . . . . 1 . . . . . . 2 . . . . Time 200 | . . . . . . . . . . . . . . . . 26 . . . . . . 174 . . . . Parts Recycled . | . . . . . . . . . . . . . . . . . . . . . . . . . . . . Recycled Matter . | . . . . . . . . . . . . . . . . . . . . . . . . . . . . Retrieved Matter . | . . . . . . . . . . . . . . . . . . . . . . . . . . . . Retrieved Components 13 | . . . . . . . . . . . . . . . . . 10 . . . . . 3 . . . . Parts Scanalyzed . | . . . . . . . . . . . . . . . . . . . . . . . . . . . . Part Schematics Acquired . | . . . . . . . . . . . . . . . . . . . . . . . . . . . . Parts Damaged . | . . . . . . . . . . . . . . . . . . . . . . . . . . . . Bothacking | -11 -10 -10 -10 -9 -8 -7 -7 -7 -7 -6 -6 -6 -6 -6 -5 -5 -5 -5 -5 -5 -4 -4 -4 -4 -4 -4 -3 ------------ Run | Yrd Mat Min Exi Min Mat Fac Low Low Dat Pro Fac Low Low Zio Pro Fac Ext Cet Arc Hub Fac Was Fac Upp Upp Zhi Pro Used RIF Installer . | . . . . . . . . . . . . . . . . . . . . . . . . . . . . Robots Hacked . | . . . . . . . . . . . . . . . . . . . . . . . . . . . . Non-combat . | . . . . . . . . . . . . . . . . . . . . . . . . . . . . Combat . | . . . . . . . . . . . . . . . . . . . . . . . . . . . . Robot Hacks Applied . | . . . . . . . . . . . . . . . . . . . . . . . . . . . . Relay Couplers Released . | . . . . . . . . . . . . . . . . . . . . . . . . . . . . Fabnet Peak Effective % . | . . . . . . . . . . . . . . . . . . . . . . . . . . . . Robots Rewired 15 | . . . . . . . . . . . . . . . . . 15 . . . . . . . . . . Allies Hacked . | . . . . . . . . . . . . . . . . . . . . . . . . . . . . Hacks Repelled . | . . . . . . . . . . . . . . . . . . . . . . . . . . . . Allies | -11 -10 -10 -10 -9 -8 -7 -7 -7 -7 -6 -6 -6 -6 -6 -5 -5 -5 -5 -5 -5 -4 -4 -4 -4 -4 -4 -3 -------- Run | Yrd Mat Min Exi Min Mat Fac Low Low Dat Pro Fac Low Low Zio Pro Fac Ext Cet Arc Hub Fac Was Fac Upp Upp Zhi Pro Total Allies 28 | . . 3 . 1 . . . . . . . . . . . . 19 5 . . . . . . . . . Largest Group 12 | . . 3 . 1 . . . . . . . . . . . . 9 12 12 10 . . . . . . . Highest-Rated Group 815 | . . 40 . 31 . . . . . . . . . . . . 406 815 815 627 . . . . . . . Highest-Rated Ally 159 | . . 16 . 31 . . . . . . . . . . . . 159 159 152 96 . . . . . . . Total Orders 1 | . . . . . . . . . . . . . . . . . 1 . . . . . . . . . . ROAM 1 | . . . . . . . . . . . . . . . . . 1 . . . . . . . . . . Ally Attacks 207 | . . 35 . . . . . . . . . . . . . . 55 50 36 31 . . . . . . . Total Damage 4361 | . . 378 . . . . . . . . . . . . . . 1116 1102 1196 569 . . . . . . . Kills 20 | . . 4 . . . . . . . . . . . . . . 7 5 3 1 . . . . . . . Allies Corrupted 4 | . . . . . . . . . . . . . . . . . . . . 4 . . . . . . . Allies Melted . | . . . . . . . . . . . . . . . . . . . . . . . . . . . . Intel | -11 -10 -10 -10 -9 -8 -7 -7 -7 -7 -6 -6 -6 -6 -6 -5 -5 -5 -5 -5 -5 -4 -4 -4 -4 -4 -4 -3 ------- Run | Yrd Mat Min Exi Min Mat Fac Low Low Dat Pro Fac Low Low Zio Pro Fac Ext Cet Arc Hub Fac Was Fac Upp Upp Zhi Pro Robot Analysis Total 10 | . . . . . . . . . . . . . . . . 3 3 . . . . . . . . 4 . Derelict Logs Recovered 10 | . . 1 . . . . . 2 . 1 . 1 2 . 1 . . . . . . . . 1 1 . . Drone Launches . | . . . . . . . . . . . . . . . . . . . . . . . . . . . . Drone Recoveries . | . . . . . . . . . . . . . . . . . . . . . . . . . . . . Exploration | -11 -10 -10 -10 -9 -8 -7 -7 -7 -7 -6 -6 -6 -6 -6 -5 -5 -5 -5 -5 -5 -4 -4 -4 -4 -4 -4 -3 ------------- Run | Yrd Mat Min Exi Min Mat Fac Low Low Dat Pro Fac Low Low Zio Pro Fac Ext Cet Arc Hub Fac Was Fac Upp Upp Zhi Pro Turns Passed 11168 | 123 574 286 547 402 222 91 654 760 58 836 925 352 132 218 119 137 638 219 332 93 44 549 490 906 589 272 600 Spaces Moved 12157 | 58 414 234 471 343 346 212 319 944 93 1196 678 481 454 831 410 322 1096 314 229 166 31 279 630 611 375 203 417 Core 78 | 10 . . . . . . . . . . 1 1 . . . . . . . 1 . . 1 60 4 . . Treads 586 | . . . . . . . . . . . 5 . . . . . . . . . . 78 95 275 133 . . Legs 2586 | 48 414 234 115 . . . 315 14 . 175 172 . . . . . . . . 9 31 201 . . 238 203 417 Wheels 989 | . . . . . . . . . . . 500 209 . . . . . . . . . . 6 274 . . . Hover . | . . . . . . . . . . . . . . . . . . . . . . . . . . . . Flight 7918 | . . . 356 343 346 212 4 930 93 1021 . 271 454 831 410 322 1096 314 229 156 . . 528 2 . . . Fastest Speed 25 | 50 120 105 105 117 31 26 112 52 62 41 95 25 25 25 25 25 29 32 32 32 120 120 31 90 120 120 120 Average Speed 77 | 117 120 116 114 117 46 38 190 76 62 65 124 61 25 25 25 28 30 33 32 39 120 186 56 132 136 123 120 Slowest Speed 950 | 150 120 120 117 117 117 108 260 205 62 120 400 150 28 25 28 32 33 35 35 120 120 260 950 440 160 125 120 Overloaded Moves . | . . . . . . . . . . . . . . . . . . . . . . . . . . . . Propulsion Burnouts . | . . . . . . . . . . . . . . . . . . . . . . . . . . . . Robots Hopped 29 | . . . . . 1 . . . . . . . . . . 1 2 2 . . . . 23 . . . . Cave-ins Triggered . | . . . . . . . . . . . . . . . . . . . . . . . . . . . . Teleports 1 | . . . . . . . . . . . . . . . . . . . . . . . . . . . 1 Exploration Rate (%) 56 | 4 73 43 91 70 30 6 47 97 74 97 16 77 73 85 54 11 85 80 98 20 1 92 16 77 43 62 65 Regions Visited 27 Branch Regions 19 Pre-discovered Areas 9 | . . . 1 . . . . . 1 1 . . 1 1 1 . . . . . . . . . . 3 . Known Exits Taken 9 | . . . . . . . . . . . . . . . . 1 1 1 1 1 . . 1 1 1 1 . Unknown Exits Taken 16 | 1 1 1 1 1 1 1 1 1 1 1 1 1 1 1 1 . . . . . . . . . . . . Scrap Searched 27 | . . . . . . . 1 3 . 3 . 4 2 3 3 . . . . . . . . . 3 . 5 Spaces Dug 20 | . . . . . 4 . . . . 1 5 . . . . 2 . . . 1 . . 7 . . . . Terrain Destroyed 20 | . . . . . 4 . . . . 1 5 . . . . 2 . . . 1 . . 7 . . . . Melee 20 | . . . . . 4 . . . . 1 5 . . . . 2 . . . 1 . . 7 . . . . Projectile . | . . . . . . . . . . . . . . . . . . . . . . . . . . . . AOE . | . . . . . . . . . . . . . . . . . . . . . . . . . . . . Terrain Rammed . | . . . . . . . . . . . . . . . . . . . . . . . . . . . . Walls Destroyed . | . . . . . . . . . . . . . . . . . . . . . . . . . . . . Machines Disabled . | . . . . . . . . . . . . . . . . . . . . . . . . . . . . Actions | -11 -10 -10 -10 -9 -8 -7 -7 -7 -7 -6 -6 -6 -6 -6 -5 -5 -5 -5 -5 -5 -4 -4 -4 -4 -4 -4 -3 --------- Run | Yrd Mat Min Exi Min Mat Fac Low Low Dat Pro Fac Low Low Zio Pro Fac Ext Cet Arc Hub Fac Was Fac Upp Upp Zhi Pro Total 13460 | 82 450 250 481 344 394 220 344 978 92 1240 731 524 465 839 419 358 1338 395 448 180 37 307 724 660 429 227 504 Wait 595 | . 7 5 . . 23 . . 13 . 12 3 9 2 . . 20 103 50 188 . . . 82 11 7 . 60 Move 12078 | 57 413 233 470 342 343 211 318 943 92 1195 677 480 453 830 409 319 1091 310 228 165 31 278 587 610 374 202 417 Hop 24 | . . . . . 1 . . . . . . . . . . 1 2 1 . . . . 19 . . . . Pick Up 64 | 4 5 2 2 1 5 1 . 2 . 4 2 4 1 . 1 2 3 2 1 . . 5 1 5 4 3 4 Fast Attach 129 | 5 . 1 2 . 4 2 3 6 . 4 19 4 3 3 . 4 5 4 4 5 1 9 9 5 16 8 3 Attach 32 | 2 . . . . 3 1 . 2 . 2 1 1 . . 1 1 2 3 1 . 4 . 3 4 . . 1 Detach 11 | . . . . . . 1 1 . . . . . . . . 1 . . 2 . . 1 4 . 1 . . Swap 35 | . 2 2 2 . . 1 . . . 2 3 4 . 1 1 2 6 1 . . . 3 . . 2 2 1 Drop 106 | . 1 5 5 1 3 2 1 6 . 5 7 7 1 4 1 4 4 4 2 1 . 8 8 . 8 12 6 Fire 37 | 14 20 . . . . . . . . . . . . . . . . 3 . . . . . . . . . Melee 241 | . . . . . 10 1 21 6 . 12 19 15 5 1 6 4 35 17 22 7 1 . 11 25 14 . 9 Ram 2 | . . . . . 2 . . . . . . . . . . . . . . . . . . . . . . Kick 8 | . 2 2 . . . . . . . . . . . . . . . . . 2 . . . . . . 2 Crush . | . . . . . . . . . . . . . . . . . . . . . . . . . . . . Escape Stasis 34 | . . . . . . . . . . . . . . . . . 34 . . . . . . . . . . Rewire 56 | . . . . . . . . . . . . . . . . . 53 . . . . 3 . . . . . Trap 8 | . . . . . . . . . . 4 . . . . . . . . . . . . . . 3 . 1 Miscellaneous . | . . . . . . . . . . . . . . . . . . . . . . . . . . . . Route ------- -11/Scrapyard -10/Materials (discovered 3 exits: [*Mat x2] / *Min) -10/Mines (discovered 2 exits: [*Mat] / *Exi) -10/Exiles -9/Mines -8/Materials (discovered 3 exits: *Fac / [*Sto x2]) -7/Factory -7/Lower Caves -7/Lower Caves (discovered 2 exits: *Fac / *Dat) -7/Data Miner -6/Proximity Caves -6/Factory (discovered 2 exits: *Fac / [*Low]) -6/Lower Caves -6/Lower Caves -6/Zion -5/Proximity Caves -5/Factory (discovered 4 exits: Upp x2 / *Ext x2) -5/Extension (discovered 3 exits: *Fac x2 / *Cet) -5/Cetus -5/Archives (discovered 3 exits: *Fac / *Hub x2) -5/Hub_04(d) -4/Factory -4/Waste -4/Factory -4/Upper Caves -4/Upper Caves (discovered 2 exits: *Res / *Zhi) -4/Zhirov -3/Proximity Caves History --------- Turn | Location | Event 10 | -11/Scrapyard | Discovered new exit (range 15) 124 | -11/Scrapyard | Entered Materials 141 | -10/Materials | Discovered new exit (range 13) 306 | -10/Materials | Build established: Mutant 459 | -10/Materials | Discovered new exit (range 10) 535 | -10/Materials | Discovered new exit (range 6) 698 | -10/Materials | Entered Mines 701 | -10/Mines | Assisted by bots powering up and referring to "LRC-V3" 714 | -10/Mines | Learned Materials garrison access intel 716 | -10/Mines | Discovered new exit (range 12) 855 | -10/Mines | Deemed a non-threat by the Exiles lab entrance 855 | -10/Mines | Discovered new exit (range 5) 908 | -10/Mines | Met a Derelict shopkeep closing up shop 940 | -10/Mines | Assembled infested the area 984 | -10/Mines | Entered Exiles 1011 | -10/Exiles | Met 8R-AWN 1029 | -10/Exiles | Met EX-HEX 1058 | -10/Exiles | Met EX-BIN 1071 | -10/Exiles | Aligned with FarCom system 1072 | -10/Exiles | Given EX-Vault access code 1096 | -10/Exiles | Opened EX-Vault 1110 | -10/Exiles | Found Longsword +1 1167 | -10/Exiles | Warned to stay clear of 0b10 Research branches 1202 | -10/Exiles | Met EX-DEC 1209 | -10/Exiles | Learned location of Zion (-6) 1266 | -10/Exiles | Visited The Gauntlet 1518 | -10/Exiles | Discovered new exit (range 12) 1531 | -10/Exiles | Left Exiles lab with Longsword +1 1531 | -10/Exiles | Entered Mines 1612 | -9/Mines | Received a Rocket Launcher from a helpful Derelict 1663 | -9/Mines | Discovered new exit (range 8) 1665 | -9/Mines | Received a Mining Laser from a helpful Derelict 1824 | -9/Mines | Build established: Assassin 1933 | -9/Mines | Entered Materials 1933 | -8/Materials | Evolved 4 slots: Power x1, Propulsion x2, Utility x1 1934 | -8/Materials | Loaded intel: 1 garrison access location 1989 | -8/Materials | Discovered new exit (range 13) 2119 | -8/Materials | Discovered new exit (range 7) 2124 | -8/Materials | Discovered new exit (range 16) 2155 | -8/Materials | Entered Factory 2155 | -7/Factory | Evolved 2 slots: Propulsion x1, Utility x1 2243 | -7/Factory | Discovered new exit (range 11) 2246 | -7/Factory | Entered Lower Caves 2291 | -7/Lower Caves | Lost 5 parts (1p3n1u) 2563 | -7/Lower Caves | Build established: Mutant 2756 | -7/Lower Caves | Discovered new exit (range 6) 2900 | -7/Lower Caves | Entered another Lower Caves area 2930 | -7/Lower Caves | Found Prototype Device 3001 | -7/Lower Caves | Discovered new exit (range 11) 3132 | -7/Lower Caves | Learned Factory stockpile data 3210 | -7/Lower Caves | Learned Factory emergency access door positions 3251 | -7/Lower Caves | Found DCF Scrap (14 items) 3361 | -7/Lower Caves | Attacked by a faux Warlord 3385 | -7/Lower Caves | Encountered a Warlord checkpoint 3553 | -7/Lower Caves | Build established: Gladiator 3650 | -7/Lower Caves | Discovered new exit (range 9) 3660 | -7/Lower Caves | Entered Data Miner 3660 | -7/Data Miner | Discovered new exit (range 6) 3672 | -7/Data Miner | Met Data Miner 3696 | -7/Data Miner | Learned location of Section 7 (-3) 3696 | -7/Data Miner | Acquired the access code to Warlord's prototype stash 3701 | -7/Data Miner | Received God Mode back door access code from Data Miner 3718 | -7/Data Miner | Entered Proximity Caves 4075 | -6/Proximity Caves | Discovered new exit (range 5) 4167 | -6/Proximity Caves | Found DCF Scrap (11 items) 4255 | -6/Proximity Caves | Found Alien Artifact 4332 | -6/Proximity Caves | Spotted B-75 Beast 4351 | -6/Proximity Caves | Attracted the attention of an 0b10 checkpoint 4382 | -6/Proximity Caves | Lost 7 parts (6n1u) 4554 | -6/Proximity Caves | Entered Factory 4554 | -6/Factory | Evolved 2 slots: Utility x2 4803 | -6/Factory | Discovered new exit (range 11) 4850 | -6/Factory | Lost 3 parts (2n1u) 4882 | -6/Factory | Discovered new exit (range 15) 5270 | -6/Factory | Fabricated Biomechanical Wings? 5479 | -6/Factory | Entered Lower Caves 5648 | -6/Lower Caves | Build established: Hacker-Gladiator 5761 | -6/Lower Caves | Lost 4 parts (1p2n1u) 5807 | -6/Lower Caves | Spotted B-75 Beast 5809 | -6/Lower Caves | Core integrity fell below 50% 5814 | -6/Lower Caves | Learned Factory stockpile data 5824 | -6/Lower Caves | Discovered new exit (range 11) 5831 | -6/Lower Caves | Entered another Lower Caves area 5834 | -6/Lower Caves | Learned location of Extension (-5) 5956 | -6/Lower Caves | Discovered new exit (range 11) 5963 | -6/Lower Caves | Entered Zion 5977 | -6/Zion | System corruption cleaned by Quarantine Array 6007 | -6/Zion | Given A8's code to call for help 6060 | -6/Zion | Build established: Hacker-Sprinter 6117 | -6/Zion | Rebuked by Imprinter 6169 | -6/Zion | Found Prototype Device 6169 | -6/Zion | Identified Mobile Refinery Mk. CCLXVII 6177 | -6/Zion | Discovered new exit (range 14) 6181 | -6/Zion | Entered Proximity Caves 6231 | -5/Proximity Caves | Spotted B-75 Beast 6282 | -5/Proximity Caves | Discovered new exit (range 2) 6300 | -5/Proximity Caves | Entered Factory 6300 | -5/Factory | Evolved 2 slots: Utility x1, Weapon x1 6301 | -5/Factory | Identified exit to Extension 6365 | -5/Factory | Repaired Biomechanical Wings 6408 | -5/Factory | Central database locked down 6408 | -5/Factory | Identified exit to Upper Caves 6437 | -5/Factory | Entered Extension 6456 | -5/Extension | Rescued a captive Derelict 6457 | -5/Extension | Rescued a captive Derelict 6588 | -5/Extension | Lost 3 parts (1p1u1w) 6621 | -5/Extension | Lost 5 allies 6676 | -5/Extension | Rescued A7 6747 | -5/Extension | Spotted B-75 Beast 6749 | -5/Extension | Spotted B-75 Beast 6753 | -5/Extension | Discovered new exit (range 3) 6753 | -5/Extension | Identified exit to Factory 6797 | -5/Extension | Discovered new exit (range 16) 6798 | -5/Extension | Discovered exit to Factory (range 15) 6803 | -5/Extension | Identified exit to Cetus 7075 | -5/Extension | Entered Cetus 7075 | -5/Cetus | Accompanied by 8 allies (A7) 7080 | -5/Cetus | Acquired a Cetus Manufacturing Module code from A7 7081 | -5/Cetus | Spotted Cetus Guard 7081 | -5/Cetus | Spotted Cetus Guard 7081 | -5/Cetus | Spotted Cetus Guard 7081 | -5/Cetus | Spotted Cetus Guard 7097 | -5/Cetus | Allies destroyed Cetus Guard 7098 | -5/Cetus | Destroyed Cetus Guard 7104 | -5/Cetus | Allies destroyed Cetus Guard 7111 | -5/Cetus | Allies destroyed Cetus Guard 7129 | -5/Cetus | Lost 4 parts (2p1n1u) 7129 | -5/Cetus | Started Cetus Manufacturing Module 7154 | -5/Cetus | Manufactured an Enhanced Grunt 7175 | -5/Cetus | System corruption reached 10% 7179 | -5/Cetus | Manufactured an Enhanced Grunt 7186 | -5/Cetus | Escorted A7 to Cetus Mainframe 7204 | -5/Cetus | Manufactured an Enhanced Grunt 7206 | -5/Cetus | Discovered new exit (range 15) 7211 | -5/Cetus | Identified exit to Archives 7229 | -5/Cetus | Manufactured an Enhanced Grunt 7237 | -5/Cetus | Found a strange terminal 7254 | -5/Cetus | Manufactured an Enhanced Grunt 7294 | -5/Cetus | Entered Archives 7294 | -5/Archives | Accompanied by 12 allies (A7) 7299 | -5/Archives | Received a hacking code to weaken MAIN.C 7303 | -5/Archives | Unable to access archive contents 7312 | -5/Archives | Discovered new exit (range 16) 7320 | -5/Archives | Identified exit to Hub_04(d) 7328 | -5/Archives | Unable to access archive contents 7333 | -5/Archives | Discovered exit to Hub_04(d) (range 15) 7353 | -5/Archives | Unable to access archive contents 7364 | -5/Archives | Discovered exit to Factory (range 16) 7607 | -5/Archives | Build established: Commander-Sprinter 7626 | -5/Archives | Entered Hub_04(d) 7626 | -5/Hub_04(d) | Accompanied by 10 allies 7644 | -5/Hub_04(d) | Discovered exit to Factory (range 14) 7683 | -5/Hub_04(d) | Network Hub disabled 7683 | -5/Hub_04(d) | Network Hub disabled 7693 | -5/Hub_04(d) | Found Corrupted Prototype Device 7693 | -5/Hub_04(d) | Identified Exp. Thermal Shield 7694 | -5/Hub_04(d) | Core integrity fell below 50% 7719 | -5/Hub_04(d) | Entered Factory 7719 | -4/Factory | Evolved 2 slots: Power x1, Utility x1 7720 | -4/Factory | Identified Dimensional Node Initializer 7720 | -4/Factory | Initialized slip node 7735 | -4/Factory | Lost 9 allies 7742 | -4/Factory | Lost 10 parts (1p3n3u3w) 7763 | -4/Factory | Sucked down chute 7763 | -4/Factory | Entered Waste 7763 | -4/Waste | The area was eerily silent 8178 | -4/Waste | Build established: Scavenger-Tank 8188 | -4/Waste | Discovered new exit (range 16) 8273 | -4/Waste | Identified exit to Factory 8303 | -4/Waste | A Compactor rumbled back to life 8303 | -4/Waste | Spotted C-40 Crusher 8311 | -4/Waste | Crushed by Compactor (0 parts destroyed, 1 dropped) 8312 | -4/Waste | Entered Factory 8344 | -4/Factory | Identified exit to DSF 8466 | -4/Factory | Repaired Adv. Heavy Siege Treads 8575 | -4/Factory | Repaired Broken Biomechanical Wings? 8647 | -4/Factory | Discovered new exit (range 16) 8686 | -4/Factory | Identified exit to Upper Caves 8729 | -4/Factory | Lost 3 parts (1n1u1w) 8802 | -4/Factory | Entered Upper Caves 8942 | -4/Upper Caves | Learned Research stockpile data 8995 | -4/Upper Caves | Build established: Mutant 9059 | -4/Upper Caves | Attracted the attention of an 0b10 checkpoint 9200 | -4/Upper Caves | Lost 6 parts (1p4n1u) 9659 | -4/Upper Caves | Discovered new exit (range 10) 9671 | -4/Upper Caves | Identified exit to Upper Caves 9708 | -4/Upper Caves | Entered another Upper Caves area 9752 | -4/Upper Caves | Discovered new exit (range 3) 9755 | -4/Upper Caves | Identified exit to Research 9845 | -4/Upper Caves | Attracted the attention of an 0b10 checkpoint 9847 | -4/Upper Caves | Core integrity fell below 50% 9963 | -4/Upper Caves | System corruption reached 10% 9972 | -4/Upper Caves | System corruption reached 30% 10120 | -4/Upper Caves | Found DCF Scrap (12 items) 10232 | -4/Upper Caves | Discovered new exit (range 12) 10245 | -4/Upper Caves | Identified exit to Zhirov 10254 | -4/Upper Caves | Encountered a Warlord checkpoint 10297 | -4/Upper Caves | Entered Zhirov 10297 | -4/Zhirov | Discovered new exit (range 3) 10320 | -4/Zhirov | Met Zhirov 10357 | -4/Zhirov | Learned location of Quarantine (-3) 10357 | -4/Zhirov | Learned location of Testing (-2) 10357 | -4/Zhirov | Learned location of Command (-1) 10381 | -4/Zhirov | Zhirov requested help retrieving the SGEMP Prototype 10417 | -4/Zhirov | Found Alien Artifact 10417 | -4/Zhirov | Identified Integrated Dissipator 10417 | -4/Zhirov | Installed Integrated Dissipator, increased core heat dissipation (+20) 10440 | -4/Zhirov | Found Alien Artifact 10518 | -4/Zhirov | Build established: Derelict-Gladiator 10568 | -4/Zhirov | Identified exit to Proximity Caves 10569 | -4/Zhirov | Entered Proximity Caves 10707 | -3/Proximity Caves | Spotter reported a threat 10758 | -3/Proximity Caves | Spotter reported a threat 10760 | -3/Proximity Caves | Spotter reported a threat 10811 | -3/Proximity Caves | Spotter reported a threat 10911 | -3/Proximity Caves | Spotter reported a threat 11104 | -3/Proximity Caves | Attracted the attention of an 0b10 base 11106 | -3/Proximity Caves | Spotter reported a threat 11129 | -3/Proximity Caves | Identified Transdimensional Reconstructor 11129 | -3/Proximity Caves | Warped through subspace 11139 | -3/Proximity Caves | Core integrity fell below 20% 11169 | -3/Proximity Caves | Destroyed by S-43 Plague with Heavy Machine Gun Last Messages --------------- 11125_ G-67 Veteran suffers critical hit (Destroy). 11125_ Antimatter Reactor destroyed. 11125_ Phasing Sabre destroyed. 11125_ S-43 Plague destroyed. 11127_ Particle Reactor destroyed. 11128_ Axe destroyed. 11128_ Penetrated by Slug. 11129_ Identified Transdimensional Reconstructor. 11129_ Warped through subspace. [Achievement: Subspace Traveler] 11134_ G,XF79,0MB5E7PL: